Hurricanes vs Sharks

Created - Sunday, February 08, 2015 at 00:40

Goals
1 2 3 T
Hurricanes 2 5 3 10
Sharks 0 1 0 1
Shots
1 2 3 T
Hurricanes 15 13 13 41
Sharks 10 6 5 21

1st period

1. Hurricanes , Mike Fisher 14 (Francois Beauchemin) at 6:24
2. Hurricanes , Robyn Regehr 7 (Marty Havlat, Mason Raymond) at 6:40

Penalties :
Viktor Stalberg (Car) for Hooking (Minor) at 7:33

2nd period

3. Hurricanes , Francois Beauchemin 6 (Mike Fisher, Jiri Hudler) at 0:25
4. Sharks , Justin Fontaine 2 (Mark Fistric) at 2:11
5. Hurricanes , Viktor Stalberg 4 (Mike Fisher) at 2:19
6. Hurricanes , Jiri Hudler 20 (Radim Vrbata, Mike Fisher) at 4:09 (PP)
7. Hurricanes , Marian Gaborik 19 (Mikhail Grabovski, Brian Elliott) at 10:43 (PP)
8. Hurricanes , Radim Vrbata 21 (Jiri Hudler, Mike Fisher) at 18:35

Penalties :
Olli Jokinen (SJ ) for Hooking (Minor) at 3:42, Dion Phaneuf (SJ ) for High sticking (Minor) at 9:49, Francois Beauchemin (Car) for Diving (Minor) at 11:54

3rd period

9. Hurricanes , Jiri Hudler 21 (Fedor Tyutin, Radim Vrbata) at 0:56 (PP)
10. Hurricanes , Viktor Stalberg 5 (Francois Beauchemin, Mike Fisher) at 5:46
11. Hurricanes , Francois Beauchemin 7 (Marian Gaborik, Mikhail Grabovski) at 14:35 (PP)

Penalties :
Dion Phaneuf (SJ ) for Hooking (Minor) at 0:17, Mike Fisher (Car) for Holding (Minor) at 2:07, Nicklas Grossmann (SJ ) for Elbowing (Minor) at 7:19, Rich Peverley (SJ ) for Holding Stick (Minor) at 13:12, Nicklas Grossmann (SJ ) for Roughing (Minor) at 14:23

Goalie Stats

Brian Elliott (Car), 20 saves from 21 shots - (0.952), W, 36-6-4, 60:00 minutes
Viktor Fasth (SJ ), 21 saves from 27 shots - (0.778), L, 2-12-0, 41:23 minutes
Aaron Dell (SJ ), 10 saves from 14 shots - (0.714), 18:37 minutes

Players Stats for Hurricanes

Player Name              G  A  P  +/- PIM S  H  SB GA TA FO     MP     PP MP  PK MP  
------------------------------------------------------------------------------------
Aaron Ness               0  0  0   2  0   2  0  1  0  0  0/0    18:41   3:42   0:00 
Adam Henrique            0  0  0   0  0   1  1  1  1  0  0/0    16:36   3:37   0:00 
Brian Flynn              0  0  0   3  0   1  0  0  0  1  0/1    12:36   0:00   3:08 
Fedor Tyutin             0  1  1   2  0   3  0  1  0  0  0/0    19:35   3:42   0:54 
Francois Beauchemin      2  2  4   2  2   3  3  2  0  1  0/0    22:43   3:27   2:10 
Jiri Hudler              2  2  4   2  0   6  2  0  2  0  0/1    13:56   3:32   0:00 
Marian Gaborik           1  1  2   0  0   3  1  0  5  0  0/1    16:36   3:37   0:00 
Mark Arcobello           0  0  0   0  0   3  2  1  1  0  4/6    16:52   0:00   2:49 
Marty Havlat             0  1  1   0  0   3  0  0  0  0  0/1    13:07   0:00   0:00 
Mason Raymond            0  1  1   0  0   1  1  0  3  0  0/0    16:52   0:00   2:49 
Mike Fisher              1  5  6   5  2   2  1  0  4  0  18/27  24:18   3:32   2:03 
Mikhail Grabovski        0  2  2   0  0   1  2  0  0  0  9/17   18:04   3:37   1:05 
Nate Prosser             0  0  0   0  0   0  0  0  0  0  0/0     0:00   0:00   0:00 
Radim Vrbata             1  2  3   2  0   2  0  0  0  0  0/0    14:49   3:32   0:00 
Robyn Regehr             1  0  1   1  0   3  3  1  0  1  0/0    18:29   0:00   2:53 
Thomas Hickey            0  0  0   2  0   0  1  1  0  1  0/0    22:50   3:27   3:04 
Viktor Stalberg          2  0  2   3  2   3  1  0  1  0  0/1     9:27   0:00   0:00 
Zbynek Michalek          0  0  0   1  0   4  0  1  0  2  0/0    18:29   0:00   2:53 

Players Stats for Sharks

Player Name              G  A  P  +/- PIM S  H  SB GA TA FO     MP     PP MP  PK MP  
------------------------------------------------------------------------------------
Adam Hall                0  0  0  -1  0   0  1  0  0  0  1/4    14:27   0:00   0:44 
Andrew Ebbett            0  0  0  -1  0   1  1  0  0  1  3/6     5:30   0:00   0:00 
Blake Comeau             0  0  0  -1  0   0  1  0  1  0  0/1    14:58   0:00   0:00 
Brad Richards            0  0  0  -2  0   1  0  0  0  0  12/25  25:29   3:24   5:50 
Brian Gionta             0  0  0  -1  0   1  0  0  0  0  0/0    18:46   3:24   0:41 
Dion Phaneuf             0  0  0  -3  4   1  5  4  0  2  0/0    25:25   2:51   3:01 
Jay Harrison             0  0  0   0  0   0  0  0  0  0  0/0     0:00   0:00   0:00 
Justin Fontaine          1  0  1  -1  0   1  0  0  0  0  1/2    12:48   0:00   0:00 
Mark Fistric             0  1  1  -1  0   0  1  0  0  0  0/0    13:20   0:00   0:00 
Matt Hendricks           0  0  0  -2  0   2  2  0  0  0  0/0    16:18   2:33   0:00 
Mike Green               0  0  0  -1  0   3  2  3  2  1  0/0    19:40   3:06   2:35 
Mike Weber               0  0  0  -1  0   1  3  3  0  2  0/0    19:40   3:06   2:35 
Nathan Gerbe             0  0  0  -1  0   2  1  0  2  0  0/1    17:38   3:24   0:00 
Nicklas Grossmann        0  0  0  -3  4   2  1  2  0  1  0/0    26:12   2:51   3:10 
Nikita Nikitin           0  0  0  -1  0   1  1  0  0  0  0/0    16:16   0:00   2:56 
Olli Jokinen             0  0  0  -2  2   2  0  0  2  0  6/14   20:42   2:33   4:25 
Rich Peverley            0  0  0  -2  2   3  0  0  1  0  0/1    17:08   2:33   0:24 
Tom Kostopoulos          0  0  0  -1  0   0  1  0  0  0  1/1     8:16   0:00   2:02 

3 Stars

1 - Mike Fisher (Car)
2 - Jiri Hudler (Car)
3 - Francois Beauchemin (Car)

Power Play

Hurricanes - 4 on 6 Attempt(s) - 66.67%
Sharks - 0 on 3 Attempt(s) - 0.00%

Penalty Kill

Hurricanes - 3 on 3 Attempt(s) - 100.00% - Score 0 goal in Penalty Kill
Sharks - 2 on 6 Attempt(s) - 33.33% - Score 0 goal in Penalty Kill

Team Stat

Hurricanes - Hits : 18 - Faceoff Wins : 31 - Blocked Shots : 9 - Penalty Minutes : 6
Sharks - Hits : 20 - Faceoff Wins : 24 - Blocked Shots : 12 - Penalty Minutes : 12

Official

Referees : Unknown
Linesman : Unknown

Game Notes

Aaron Dell enters game at 2:19 of 2nd period
Viktor Fasth enters game at 0:56 of 3rd period

Finance

Level 1 -- Attendance: 4530 (75.50%) -- Ticket Income $403,170
Level 2 -- Attendance: 2853 (57.06%) -- Ticket Income $196,857
Level 3 -- Attendance: 1454 (72.70%) -- Ticket Income $50,890
Level 4 -- Attendance: 2464 (61.60%) -- Ticket Income $61,600
Luxury Box -- Attendance: 703 (70.30%) -- Ticket Income $139,897
Game was played at the HP Pavilion'
Total Attendance: 12004 (66.69%)
Total Ticket Income: $852,414
Other Income: $417,683
Total Income: $1,270,097

Hurricanes

5 vs 5 Forward 
   Center                   Left Wing                Right Wing               Time % Phy DF OF 
 1 Mike Fisher              Jiri Hudler              Radim Vrbata             28     0   2  3  
 2 Mikhail Grabovski        Adam Henrique            Marian Gaborik           27     0   2  3  
 3 Mark Arcobello           Mason Raymond            Marty Havlat             25     0   2  3  
 4 Mike Fisher              Viktor Stalberg          Brian Flynn              20     0   2  3  

5 vs 5 Defense 
   Defense                  Defense                                           Time % Phy DF OF 
 1 Francois Beauchemin      Thomas Hickey                                     35     0   2  3  
 2 Fedor Tyutin             Aaron Ness                                        35     0   2  3  
 3 Zbynek Michalek          Robyn Regehr                                      30     1   2  2  
 4 Francois Beauchemin      Thomas Hickey                                     0      0   2  3  

PowerPlay Forward 
   Center                   Left Wing                Right Wing               Time % Phy DF OF 
 1 Mike Fisher              Jiri Hudler              Radim Vrbata             50     0   1  4  
 2 Mikhail Grabovski        Adam Henrique            Marian Gaborik           50     0   1  4  

PowerPlay Defense
   Defense                  Defense                                           Time % Phy DF OF 
 1 Francois Beauchemin      Thomas Hickey                                     50     0   1  4  
 2 Fedor Tyutin             Aaron Ness                                        50     0   1  4  

Penalty Kill 4 Players Forward 
   Center                   Wing                     Time % Phy DF OF 
 1 Mike Fisher              Brian Flynn              50     0   4  1  
 2 Mark Arcobello           Mason Raymond            50     0   4  1  

Penalty Kill 4 Players Defense
   Defense                  Defense                  Time % Phy DF OF 
 1 Zbynek Michalek          Robyn Regehr             50     1   4  0  
 2 Francois Beauchemin      Thomas Hickey            50     1   4  0  

Penalty Kill - 3 Players Forward 
   Forward                                           Time % Phy DF OF 
 1 Radim Vrbata                                      50     0   5  0  
 2 Mark Arcobello                                    50     0   5  0  

Penalty Kill - 3 Players Defense
   Defense                  Defense                  Time % Phy DF OF 
 1 Zbynek Michalek          Robyn Regehr             50     1   4  0  
 2 Francois Beauchemin      Thomas Hickey            50     1   4  0  

4 vs 4 Forward 
   Center                   Wing                     Time % Phy DF OF 
 1 Mike Fisher              Radim Vrbata             50     0   2  3  
 2 Mikhail Grabovski        Adam Henrique            50     0   2  3  

4 vs 4 Defense
   Defense                  Defense                  Time % Phy DF OF 
 1 Francois Beauchemin      Thomas Hickey            50     0   2  3  
 2 Fedor Tyutin             Aaron Ness               50     0   2  3  

Last Minutes Offensive
   Center                   Left Wing                Right Wing               Defense                  Defense                  
   Mike Fisher              Adam Henrique            Radim Vrbata             Francois Beauchemin      Fedor Tyutin             

Last Minutes Defensive
   Center                   Left Wing                Right Wing               Defense                  Defense                  
   Mike Fisher              Adam Henrique            Brian Flynn              Zbynek Michalek          Francois Beauchemin      

Goaltenders
Starting : Brian Elliott            
Backup : Michal Neuvirth          

Extra Forwards
Normal : Mike Fisher, Radim Vrbata, Marian Gaborik - PP : Marian Gaborik, Radim Vrbata - PK : Mike Fisher
Extra Defensemen
Normal : Francois Beauchemin, Fedor Tyutin, Thomas Hickey - PP : Francois Beauchemin - PK : Francois Beauchemin, Fedor Tyutin
Penalty Shots
Radim Vrbata, Marian Gaborik, Jiri Hudler, Mikhail Grabovski, Marty Havlat

Sharks

5 vs 5 Forward 
   Center                   Left Wing                Right Wing               Time % Phy DF OF 
 1 Brad Richards            Nathan Gerbe             Brian Gionta             35     1   2  2  
 2 Olli Jokinen             Matt Hendricks           Rich Peverley            30     1   2  2  
 3 Adam Hall                Blake Comeau             Justin Fontaine          22     1   2  2  
 4 Andrew Ebbett            Brad Richards            Tom Kostopoulos          13     1   2  2  

5 vs 5 Defense 
   Defense                  Defense                                           Time % Phy DF OF 
 1 Dion Phaneuf             Nicklas Grossmann                                 35     1   2  2  
 2 Mike Green               Mike Weber                                        30     1   2  2  
 3 Mark Fistric             Nikita Nikitin                                    22     1   2  2  
 4 Dion Phaneuf             Nicklas Grossmann                                 13     1   2  2  

PowerPlay Forward 
   Center                   Left Wing                Right Wing               Time % Phy DF OF 
 1 Brad Richards            Nathan Gerbe             Brian Gionta             60     1   2  2  
 2 Olli Jokinen             Matt Hendricks           Rich Peverley            40     1   2  2  

PowerPlay Defense
   Defense                  Defense                                           Time % Phy DF OF 
 1 Dion Phaneuf             Nicklas Grossmann                                 60     1   2  2  
 2 Mike Green               Mike Weber                                        40     1   2  2  

Penalty Kill 4 Players Forward 
   Center                   Wing                     Time % Phy DF OF 
 1 Brad Richards            Olli Jokinen             60     1   2  2  
 2 Brian Gionta             Rich Peverley            40     1   2  2  

Penalty Kill 4 Players Defense
   Defense                  Defense                  Time % Phy DF OF 
 1 Dion Phaneuf             Nicklas Grossmann        60     1   2  2  
 2 Mike Green               Mike Weber               40     1   2  2  

Penalty Kill - 3 Players Forward 
   Forward                                           Time % Phy DF OF 
 1 Brad Richards                                     60     1   2  2  
 2 Olli Jokinen                                      40     1   2  2  

Penalty Kill - 3 Players Defense
   Defense                  Defense                  Time % Phy DF OF 
 1 Dion Phaneuf             Nicklas Grossmann        60     1   2  2  
 2 Mike Green               Mike Weber               40     1   2  2  

4 vs 4 Forward 
   Center                   Wing                     Time % Phy DF OF 
 1 Brad Richards            Olli Jokinen             60     1   2  2  
 2 Brian Gionta             Rich Peverley            40     1   2  2  

4 vs 4 Defense
   Defense                  Defense                  Time % Phy DF OF 
 1 Dion Phaneuf             Nicklas Grossmann        60     1   2  2  
 2 Mike Green               Mike Weber               40     1   2  2  

Last Minutes Offensive
   Center                   Left Wing                Right Wing               Defense                  Defense                  
   Brad Richards            Nathan Gerbe             Brian Gionta             Dion Phaneuf             Nicklas Grossmann        

Last Minutes Defensive
   Center                   Left Wing                Right Wing               Defense                  Defense                  
   Brad Richards            Nathan Gerbe             Brian Gionta             Dion Phaneuf             Nicklas Grossmann        

Goaltenders
Starting : Viktor Fasth             
Backup : Aaron Dell               

Extra Forwards
Normal : Adam Hall, Blake Comeau, Tom Kostopoulos - PP : Adam Hall, Blake Comeau - PK : Tom Kostopoulos
Extra Defensemen
Normal : Mark Fistric, Nikita Nikitin, Nicklas Grossmann - PP : Mark Fistric - PK : Nikita Nikitin, Dion Phaneuf
Penalty Shots
Brad Richards, Olli Jokinen, Brian Gionta, Rich Peverley, Nathan Gerbe

% Time on Ice - Hurricanes

Lines # - Real PCT - Wanted PCT - Time Play
Normal Forward
1 - 24% - 28% - 11:20
2 - 30% - 27% - 13:55
3 - 28% - 25% - 13:07
4 - 18% - 20% - 8:32
Normal Defense
1 - 34% - 35% - 16:09
2 - 34% - 35% - 15:57
3 - 32% - 30% - 14:48
4 - 0% - 0% - 0:00
PP Forward
1 - 49% - 50% - 3:32
2 - 51% - 50% - 3:37
PP Defense
1 - 48% - 50% - 3:27
2 - 52% - 50% - 3:42
PK Forward
1 - 53% - 50% - 3:08
2 - 47% - 50% - 2:49
PK Defense
1 - 48% - 50% - 2:53
2 - 52% - 50% - 3:04
PK3 Forward
1 - 0% - 50%
2 - 0% - 50%
PK3 Defense
1 - 0% - 50%
2 - 0% - 50%
44 Forward
1 - 0% - 50%
2 - 0% - 50%
44 Defense
1 - 0% - 50%
2 - 0% - 50%
Last Minute Offensive  - 0:00
Last Minute Defensive  - 0:00
Total
Forward - 60:00
Defense - 60:00

% Time on Ice - Sharks

Lines # - Real PCT - Wanted PCT - Time Play
Normal Forward
1 - 31% - 35% - 14:24
2 - 30% - 30% - 14:12
3 - 27% - 22% - 12:48
4 - 12% - 13% - 5:30
Normal Defense
1 - 35% - 35% - 16:19
2 - 30% - 30% - 13:59
3 - 28% - 22% - 13:20
4 - 7% - 13% - 3:16
PP Forward
1 - 57% - 60% - 3:24
2 - 43% - 40% - 2:33
PP Defense
1 - 48% - 60% - 2:51
2 - 52% - 40% - 3:06
PK Forward
1 - 90% - 60% - 6:16
2 - 10% - 40% - 0:41
PK Defense
1 - 66% - 60% - 4:34
2 - 34% - 40% - 2:23
PK3 Forward
1 - 100% - 60% - 0:12
2 - 0% - 40% - 0:00
PK3 Defense
1 - 0% - 60% - 0:00
2 - 100% - 40% - 0:12
44 Forward
1 - 0% - 60%
2 - 0% - 40%
44 Defense
1 - 0% - 60%
2 - 0% - 40%
Last Minute Offensive  - 0:00
Last Minute Defensive  - 0:00
Total
Forward - 60:00
Defense - 60:00

Play by Play

1st period


0:01 of 1st period - Brad Richards wins face-off versus Mike Fisher in neutral zone.
0:12 of 1st period - Slapshot by Nathan Gerbe.
0:12 of 1st period - Shot Misses the Net.
0:14 of 1st period - Slapshot by Nicklas Grossmann.
0:14 of 1st period - Shot Blocked by Thomas Hickey.
0:16 of 1st period - Slapshot by Dion Phaneuf.
0:16 of 1st period - Stopped by Brian Elliott with a rebound.
0:18 of 1st period - Snap shot by Nathan Gerbe.
0:18 of 1st period - Shot Blocked by Francois Beauchemin.
0:20 of 1st period - Slapshot by Nicklas Grossmann.
0:20 of 1st period - Stopped by Brian Elliott without a rebound.
0:21 of 1st period - Mikhail Grabovski wins face-off versus Olli Jokinen in Hurricanes zone.
0:26 of 1st period - Wrist shot by Marian Gaborik.
0:26 of 1st period - Stopped by Viktor Fasth without a rebound.
0:27 of 1st period - Mikhail Grabovski wins face-off versus Olli Jokinen in Sharks zone.
0:42 of 1st period - Slapshot by Mike Green.
0:42 of 1st period - Stopped by Brian Elliott with a rebound.
1:00 of 1st period - Snap shot by Rich Peverley.
1:00 of 1st period - Shot Misses the Net.
1:02 of 1st period - Slapshot by Mike Green.
1:02 of 1st period - Deflect By Rich Peverley.
1:02 of 1st period - Stopped by Brian Elliott with a rebound.
1:22 of 1st period - Marty Havlat is hit by Adam Hall and loses puck.
1:43 of 1st period - Snap shot by Justin Fontaine.
1:43 of 1st period - Shot Misses the Net.
1:45 of 1st period - Snap shot by Adam Hall.
1:45 of 1st period - Shot Blocked by Fedor Tyutin.
2:19 of 1st period - Zbynek Michalek is hit by Nikita Nikitin and loses puck.
2:27 of 1st period - Off-side.
2:28 of 1st period - Andrew Ebbett wins face-off versus Mike Fisher in neutral zone.
2:37 of 1st period - Snap shot by Andrew Ebbett.
2:37 of 1st period - Stopped by Brian Elliott with a rebound.
2:39 of 1st period - Slapshot by Tom Kostopoulos.
2:39 of 1st period - Shot Misses the Net.
2:41 of 1st period - Slapshot by Nicklas Grossmann.
2:41 of 1st period - Shot Blocked by Francois Beauchemin.
4:56 of 1st period - Backhand shot by Brian Gionta.
4:56 of 1st period - Shot Blocked by Robyn Regehr.
5:02 of 1st period - Nikita Nikitin is hit by Robyn Regehr and loses puck.
5:46 of 1st period - Snap shot by Mason Raymond.
5:46 of 1st period - Shot Misses the Net.
5:48 of 1st period - Snap shot by Mark Arcobello.
5:48 of 1st period - Shot Misses the Net.
5:50 of 1st period - Slapshot by Aaron Ness.
5:50 of 1st period - Deflect By Rich Peverley.
5:50 of 1st period - Stopped by Viktor Fasth with a rebound.
6:06 of 1st period - Snap shot by Adam Henrique.
6:06 of 1st period - Deflect By Rich Peverley.
6:06 of 1st period - Stopped by Viktor Fasth without a rebound.
6:07 of 1st period - Mikhail Grabovski wins face-off versus Andrew Ebbett in Sharks zone.
6:24 of 1st period - Snap shot by Mike Fisher.
6:24 of 1st period - Goal by Mike Fisher - Hurricanes : 1 - Sharks : 0.
6:25 of 1st period - Justin Fontaine wins face-off versus Marty Havlat in neutral zone.
6:28 of 1st period - Slapshot by Blake Comeau.
6:28 of 1st period - Shot Misses the Net.
6:38 of 1st period - Wrist shot by Marty Havlat.
6:38 of 1st period - Stopped by Viktor Fasth with a rebound.
6:40 of 1st period - Slapshot by Robyn Regehr.
6:40 of 1st period - Goal by Robyn Regehr - Hurricanes : 2 - Sharks : 0.
6:41 of 1st period - Brad Richards wins face-off versus Mikhail Grabovski in neutral zone.
6:44 of 1st period - Snap shot by Nathan Gerbe.
6:44 of 1st period - Shot Misses the Net.
6:58 of 1st period - Snap shot by Mikhail Grabovski.
6:58 of 1st period - Stopped by Viktor Fasth without a rebound.
6:59 of 1st period - Mikhail Grabovski wins face-off versus Nathan Gerbe in Sharks zone.
7:21 of 1st period - Nicklas Grossmann is hit by Francois Beauchemin.
7:22 of 1st period - Icing by Nicklas Grossmann.
7:23 of 1st period - Brad Richards wins face-off versus Mike Fisher in Sharks zone.
7:30 of 1st period - Snap shot by Nathan Gerbe.
7:30 of 1st period - Stopped by Brian Elliott without a rebound.
7:31 of 1st period - Mike Fisher wins face-off versus Olli Jokinen in Hurricanes zone.
7:33 of 1st period - Minor Penalty to Viktor Stalberg for Hooking.
7:34 of 1st period - Mike Fisher wins face-off versus Olli Jokinen in Hurricanes zone.
7:38 of 1st period - Slapshot by Robyn Regehr.
7:38 of 1st period - Stopped by Viktor Fasth with a rebound.
7:54 of 1st period - Snap shot by Rich Peverley.
7:54 of 1st period - Shot Misses the Net.
7:56 of 1st period - Slapshot by Nicklas Grossmann.
7:56 of 1st period - Stopped by Brian Elliott with a rebound.
8:43 of 1st period - Thomas Hickey is hit by Dion Phaneuf and loses puck.
8:58 of 1st period - Snap shot by Mike Green.
8:58 of 1st period - Shot Hit the Post.
9:21 of 1st period - Brian Gionta is hit by Mike Fisher.
9:25 of 1st period - Mike Weber is hit by Francois Beauchemin and loses puck.
9:33 of 1st period - Penalty to Viktor Stalberg is over, Viktor Stalberg is back on ice.
9:50 of 1st period - Brian Flynn is hit by Mike Weber and loses puck.
10:39 of 1st period - Fedor Tyutin is hit by Mark Fistric and loses puck.
10:59 of 1st period - Wrist shot by Marian Gaborik.
10:59 of 1st period - Shot Misses the Net.
11:46 of 1st period - Fedor Tyutin is hit by Mike Weber and loses puck.
12:09 of 1st period - Wrist shot by Nathan Gerbe.
12:09 of 1st period - Shot Blocked by Aaron Ness.
12:11 of 1st period - Snap shot by Nathan Gerbe.
12:11 of 1st period - Shot Misses the Net.
12:21 of 1st period - Snap shot by Brian Gionta.
12:21 of 1st period - Shot Misses the Net.
12:43 of 1st period - Slapshot by Jiri Hudler.
12:43 of 1st period - Shot Hit the Post.
12:45 of 1st period - Slapshot by Zbynek Michalek.
12:45 of 1st period - Stopped by Viktor Fasth with a rebound.
12:47 of 1st period - Slapshot by Robyn Regehr.
12:47 of 1st period - Deflect By Radim Vrbata.
12:47 of 1st period - Shot Misses the Net.
12:47 of 1st period - Puck is out of play.
12:48 of 1st period - Mike Fisher wins face-off versus Andrew Ebbett in Sharks zone.
12:51 of 1st period - Snap shot by Jiri Hudler.
12:51 of 1st period - Stopped by Viktor Fasth with a rebound.
12:53 of 1st period - Slapshot by Zbynek Michalek.
12:53 of 1st period - Stopped by Viktor Fasth with a rebound.
12:55 of 1st period - Snap shot by Mike Fisher.
12:55 of 1st period - Shot Blocked by Mike Green.
12:57 of 1st period - Slapshot by Zbynek Michalek.
12:57 of 1st period - Stopped by Viktor Fasth with a rebound.
12:59 of 1st period - Slapshot by Zbynek Michalek.
12:59 of 1st period - Shot Blocked by Mike Green.
13:21 of 1st period - Wrist shot by Marian Gaborik.
13:21 of 1st period - Shot Misses the Net.
15:57 of 1st period - Icing by Adam Henrique.
15:58 of 1st period - Tom Kostopoulos wins face-off versus Mikhail Grabovski in Hurricanes zone.
16:21 of 1st period - Wrist shot by Brian Gionta.
16:21 of 1st period - Shot Misses the Net.
16:25 of 1st period - Snap shot by Nathan Gerbe.
16:25 of 1st period - Stopped by Brian Elliott with a rebound.
16:27 of 1st period - Slapshot by Mike Green.
16:27 of 1st period - Deflect By Brian Gionta.
16:27 of 1st period - Stopped by Brian Elliott without a rebound.
16:28 of 1st period - Mike Fisher wins face-off versus Adam Hall in Hurricanes zone.
16:57 of 1st period - Snap shot by Brad Richards.
16:57 of 1st period - Stopped by Brian Elliott with a rebound.
16:59 of 1st period - Wrist shot by Andrew Ebbett.
16:59 of 1st period - Shot Misses the Net.
17:24 of 1st period - Icing by Thomas Hickey.
17:25 of 1st period - Mike Fisher wins face-off versus Blake Comeau in Hurricanes zone.
17:40 of 1st period - Snap shot by Mason Raymond.
17:40 of 1st period - Shot Misses the Net.
17:42 of 1st period - Slapshot by Zbynek Michalek.
17:42 of 1st period - Deflect By Marty Havlat.
17:42 of 1st period - Stopped by Viktor Fasth with a rebound.
17:44 of 1st period - Slapshot by Robyn Regehr.
17:44 of 1st period - Shot Blocked by Mike Weber.
17:46 of 1st period - Snap shot by Mark Arcobello.
17:46 of 1st period - Shot Misses the Net.
17:48 of 1st period - Snap shot by Zbynek Michalek.
17:48 of 1st period - Deflect By Marty Havlat.
17:48 of 1st period - Stopped by Viktor Fasth with a rebound.
17:50 of 1st period - Slapshot by Zbynek Michalek.
17:50 of 1st period - Shot Blocked by Mike Green.
17:52 of 1st period - Snap shot by Mark Arcobello.
17:52 of 1st period - Stopped by Viktor Fasth with a rebound.
17:54 of 1st period - Slapshot by Zbynek Michalek.
17:54 of 1st period - Shot Misses the Net.
17:56 of 1st period - Slapshot by Marty Havlat.
17:56 of 1st period - Shot Misses the Net.
18:59 of 1st period - Marty Havlat is hit by Mike Weber and loses puck.
19:31 of 1st period - Off-side.
19:32 of 1st period - Mike Fisher wins face-off versus Adam Hall in neutral zone.
19:35 of 1st period - Blake Comeau is hit by Jiri Hudler and loses puck.
Goals for this period are 2 for Hurricanes vs 0 for Sharks.
Shots for this period are 15 for Hurricanes vs 10 for Sharks.

2nd period


0:01 of 2nd period - Brad Richards wins face-off versus Jiri Hudler in neutral zone.
0:19 of 2nd period - Icing by Dion Phaneuf.
0:20 of 2nd period - Mike Fisher wins face-off versus Brad Richards in Sharks zone.
0:23 of 2nd period - Snap shot by Mike Fisher.
0:23 of 2nd period - Shot Blocked by Nicklas Grossmann.
0:25 of 2nd period - Snap shot by Francois Beauchemin.
0:25 of 2nd period - Goal by Francois Beauchemin - Hurricanes : 3 - Sharks : 0.
0:26 of 2nd period - Mike Fisher wins face-off versus Brad Richards in neutral zone.
1:25 of 2nd period - Matt Hendricks is hit by Thomas Hickey and loses puck.
1:45 of 2nd period - Olli Jokinen is hit by Mark Arcobello and loses puck.
1:56 of 2nd period - Francois Beauchemin is hit by Matt Hendricks and loses puck.
2:11 of 2nd period - Wrist shot by Justin Fontaine.
2:11 of 2nd period - Goal by Justin Fontaine - Hurricanes : 3 - Sharks : 1.
2:12 of 2nd period - Mike Fisher wins face-off versus Adam Hall in neutral zone.
2:19 of 2nd period - Snap shot by Viktor Stalberg.
2:19 of 2nd period - Goal by Viktor Stalberg - Hurricanes : 4 - Sharks : 1.
2:19 of 2nd period - Aaron Dell enters game.
2:20 of 2nd period - Brad Richards wins face-off versus Brian Flynn in neutral zone.
3:34 of 2nd period - Mark Fistric is hit by Mikhail Grabovski and loses puck.
3:42 of 2nd period - Minor Penalty to Olli Jokinen for Hooking.
3:43 of 2nd period - Mike Fisher wins face-off versus Brad Richards in Sharks zone.
4:09 of 2nd period - Wrist shot by Jiri Hudler.
4:09 of 2nd period - Goal by Jiri Hudler - Hurricanes : 5 - Sharks : 1.
4:10 of 2nd period - Mark Arcobello wins face-off versus Rich Peverley in neutral zone.
5:53 of 2nd period - Dion Phaneuf is hit by Francois Beauchemin and loses puck.
6:28 of 2nd period - Dion Phaneuf is hit by Viktor Stalberg and loses puck.
6:57 of 2nd period - Backhand shot by Mason Raymond.
6:57 of 2nd period - Deflect By Mark Arcobello.
6:57 of 2nd period - Stopped by Aaron Dell with a rebound.
6:59 of 2nd period - Slapshot by Robyn Regehr.
6:59 of 2nd period - Deflect By Mason Raymond.
6:59 of 2nd period - Stopped by Aaron Dell with a rebound.
7:01 of 2nd period - Wrist shot by Mark Arcobello.
7:01 of 2nd period - Shot Misses the Net.
7:03 of 2nd period - Wrist shot by Zbynek Michalek.
7:03 of 2nd period - Shot Blocked by Dion Phaneuf.
7:05 of 2nd period - Slapshot by Zbynek Michalek.
7:05 of 2nd period - Stopped by Aaron Dell with a rebound.
7:07 of 2nd period - Snap shot by Mark Arcobello.
7:07 of 2nd period - Stopped by Aaron Dell with a rebound.
7:09 of 2nd period - Wrist shot by Mason Raymond.
7:09 of 2nd period - Shot Misses the Net.
7:11 of 2nd period - Wrist shot by Zbynek Michalek.
7:11 of 2nd period - Deflect By Marty Havlat.
7:11 of 2nd period - Shot Blocked by Nicklas Grossmann.
7:11 of 2nd period - Puck is out of play.
7:12 of 2nd period - Andrew Ebbett wins face-off versus Mike Fisher in Sharks zone.
8:23 of 2nd period - Off-side.
8:24 of 2nd period - Olli Jokinen wins face-off versus Mark Arcobello in neutral zone.
9:15 of 2nd period - Off-side.
9:16 of 2nd period - Mike Fisher wins face-off versus Andrew Ebbett in neutral zone.
9:19 of 2nd period - Snap shot by Viktor Stalberg.
9:19 of 2nd period - Stopped by Aaron Dell without a rebound.
9:20 of 2nd period - Andrew Ebbett wins face-off versus Mike Fisher in Sharks zone.
9:25 of 2nd period - Brian Flynn is hit by Andrew Ebbett and loses puck.
9:49 of 2nd period - Minor Penalty to Dion Phaneuf for High sticking.
9:50 of 2nd period - Brad Richards wins face-off versus Mikhail Grabovski in Sharks zone.
9:56 of 2nd period - Icing by Adam Henrique.
9:57 of 2nd period - Brad Richards wins face-off versus Mikhail Grabovski in Hurricanes zone.
10:11 of 2nd period - Off-side.
10:12 of 2nd period - Mikhail Grabovski wins face-off versus Brad Richards in neutral zone.
10:43 of 2nd period - Snap shot by Marian Gaborik.
10:43 of 2nd period - Goal by Marian Gaborik - Hurricanes : 6 - Sharks : 1.
10:44 of 2nd period - Mike Fisher wins face-off versus Justin Fontaine in neutral zone.
11:07 of 2nd period - Backhand shot by Jiri Hudler.
11:07 of 2nd period - Stopped by Aaron Dell with a rebound.
11:09 of 2nd period - Slapshot by Robyn Regehr.
11:09 of 2nd period - Deflect By Radim Vrbata.
11:09 of 2nd period - Shot Misses the Net.
11:09 of 2nd period - Puck is out of play.
11:10 of 2nd period - Olli Jokinen wins face-off versus Mikhail Grabovski in Sharks zone.
11:10 of 2nd period - Olli Jokinen is hit by Marian Gaborik.
11:20 of 2nd period - Backhand shot by Mike Green.
11:20 of 2nd period - Shot Blocked by Adam Henrique.
11:22 of 2nd period - Slapshot by Mike Weber.
11:22 of 2nd period - Stopped by Brian Elliott with a rebound.
11:44 of 2nd period - Wrist shot by Rich Peverley.
11:44 of 2nd period - Shot Misses the Net.
11:54 of 2nd period - Minor Penalty to Francois Beauchemin for Diving.
11:55 of 2nd period - Mike Fisher wins face-off versus Brad Richards in Hurricanes zone.
12:44 of 2nd period - Snap shot by Mike Fisher.
12:44 of 2nd period - Shot Blocked by Dion Phaneuf.
12:46 of 2nd period - Snap shot by Brian Flynn.
12:46 of 2nd period - Stopped by Aaron Dell without a rebound.
12:47 of 2nd period - Mark Arcobello wins face-off versus Brad Richards in Sharks zone.
13:02 of 2nd period - Slapshot by Mike Green.
13:02 of 2nd period - Stopped by Brian Elliott with a rebound.
13:04 of 2nd period - Snap shot by Nathan Gerbe.
13:04 of 2nd period - Shot Blocked by Mark Arcobello.
13:54 of 2nd period - Penalty to Francois Beauchemin is over, Francois Beauchemin is back on ice.
15:16 of 2nd period - Aaron Ness is hit by Dion Phaneuf.
15:20 of 2nd period - Dion Phaneuf is hit by Adam Henrique and loses puck.
15:58 of 2nd period - Wrist shot by Jiri Hudler.
15:58 of 2nd period - Stopped by Aaron Dell without a rebound.
15:59 of 2nd period - Olli Jokinen wins face-off versus Mike Fisher in Sharks zone.
16:12 of 2nd period - Snap shot by Matt Hendricks.
16:12 of 2nd period - Shot Misses the Net.
16:14 of 2nd period - Slapshot by Matt Hendricks.
16:14 of 2nd period - Deflect By Brian Flynn.
16:14 of 2nd period - Shot Misses the Net.
16:14 of 2nd period - Puck is out of play.
16:15 of 2nd period - Olli Jokinen wins face-off versus Viktor Stalberg in Hurricanes zone.
16:36 of 2nd period - Snap shot by Rich Peverley.
16:36 of 2nd period - Stopped by Brian Elliott with a rebound.
16:38 of 2nd period - Slapshot by Nikita Nikitin.
16:38 of 2nd period - Shot Misses the Net.
16:40 of 2nd period - Wrist shot by Matt Hendricks.
16:40 of 2nd period - Shot Misses the Net.
16:42 of 2nd period - Snap shot by Nikita Nikitin.
16:42 of 2nd period - Deflect By Robyn Regehr.
16:42 of 2nd period - Stopped by Brian Elliott with a rebound.
16:44 of 2nd period - Wrist shot by Matt Hendricks.
16:44 of 2nd period - Stopped by Brian Elliott without a rebound.
16:45 of 2nd period - Mikhail Grabovski wins face-off versus Brad Richards in Hurricanes zone.
18:35 of 2nd period - Snap shot by Jiri Hudler.
18:35 of 2nd period - Deflect By Radim Vrbata.
18:35 of 2nd period - Goal by Radim Vrbata - Hurricanes : 7 - Sharks : 1.
18:36 of 2nd period - Brad Richards wins face-off versus Marian Gaborik in neutral zone.
Goals for this period are 5 for Hurricanes vs 1 for Sharks.
Shots for this period are 13 for Hurricanes vs 6 for Sharks.

3rd period


0:01 of 3rd period - Brad Richards wins face-off versus Mike Fisher in neutral zone.
0:17 of 3rd period - Minor Penalty to Dion Phaneuf for Hooking.
0:18 of 3rd period - Mike Fisher wins face-off versus Brad Richards in Sharks zone.
0:52 of 3rd period - Snap shot by Radim Vrbata.
0:52 of 3rd period - Stopped by Aaron Dell with a rebound.
0:54 of 3rd period - Slapshot by Fedor Tyutin.
0:54 of 3rd period - Deflect By Nicklas Grossmann.
0:54 of 3rd period - Stopped by Aaron Dell with a rebound.
0:56 of 3rd period - Slapshot by Fedor Tyutin.
0:56 of 3rd period - Deflect By Jiri Hudler.
0:56 of 3rd period - Goal by Jiri Hudler - Hurricanes : 8 - Sharks : 1.
0:56 of 3rd period - Viktor Fasth enters game.
0:57 of 3rd period - Adam Hall wins face-off versus Mark Arcobello in neutral zone.
1:51 of 3rd period - Brian Gionta is hit by Robyn Regehr and loses puck.
1:56 of 3rd period - Snap shot by Mike Fisher.
1:56 of 3rd period - Shot Blocked by Dion Phaneuf.
2:07 of 3rd period - Minor Penalty to Mike Fisher for Holding.
2:08 of 3rd period - Mikhail Grabovski wins face-off versus Olli Jokinen in Hurricanes zone.
3:02 of 3rd period - Mark Arcobello is hit by Nathan Gerbe and loses puck.
3:23 of 3rd period - Wrist shot by Mark Arcobello.
3:23 of 3rd period - Shot Misses the Net.
3:35 of 3rd period - Snap shot by Rich Peverley.
3:35 of 3rd period - Shot Blocked by Zbynek Michalek.
4:07 of 3rd period - Penalty to Mike Fisher is over, Mike Fisher is back on ice.
4:35 of 3rd period - Wrist shot by Jiri Hudler.
4:35 of 3rd period - Stopped by Viktor Fasth with a rebound.
4:37 of 3rd period - Slapshot by Aaron Ness.
4:37 of 3rd period - Deflect By Mike Weber.
4:37 of 3rd period - Stopped by Viktor Fasth with a rebound.
4:39 of 3rd period - Slapshot by Fedor Tyutin.
4:39 of 3rd period - Stopped by Viktor Fasth with a rebound.
4:41 of 3rd period - Slapshot by Aaron Ness.
4:41 of 3rd period - Shot Hit the Post.
4:43 of 3rd period - Slapshot by Fedor Tyutin.
4:43 of 3rd period - Stopped by Viktor Fasth with a rebound.
5:30 of 3rd period - Off-side.
5:31 of 3rd period - Olli Jokinen wins face-off versus Mike Fisher in neutral zone.
5:38 of 3rd period - Wrist shot by Matt Hendricks.
5:38 of 3rd period - Stopped by Brian Elliott without a rebound.
5:39 of 3rd period - Olli Jokinen wins face-off versus Mike Fisher in Hurricanes zone.
5:40 of 3rd period - Slapshot by Rich Peverley.
5:40 of 3rd period - Stopped by Brian Elliott without a rebound.
5:41 of 3rd period - Mike Fisher wins face-off versus Olli Jokinen in Hurricanes zone.
5:46 of 3rd period - Wrist shot by Francois Beauchemin.
5:46 of 3rd period - Deflect By Viktor Stalberg.
5:46 of 3rd period - Goal by Viktor Stalberg - Hurricanes : 9 - Sharks : 1.
5:47 of 3rd period - Mark Arcobello wins face-off versus Olli Jokinen in neutral zone.
6:18 of 3rd period - Wrist shot by Marty Havlat.
6:18 of 3rd period - Shot Misses the Net.
6:28 of 3rd period - Aaron Ness is hit by Dion Phaneuf and loses puck.
6:39 of 3rd period - Dion Phaneuf is hit by Mark Arcobello and loses puck.
6:54 of 3rd period - Francois Beauchemin is hit by Blake Comeau and loses puck.
7:06 of 3rd period - Snap shot by Jiri Hudler.
7:06 of 3rd period - Shot Misses the Net.
7:08 of 3rd period - Slapshot by Robyn Regehr.
7:08 of 3rd period - Deflect By Dion Phaneuf.
7:08 of 3rd period - Stopped by Viktor Fasth with a rebound.
7:19 of 3rd period - Minor Penalty to Nicklas Grossmann for Elbowing.
7:20 of 3rd period - Brad Richards wins face-off versus Mikhail Grabovski in Sharks zone.
7:36 of 3rd period - Slapshot by Mike Green.
7:36 of 3rd period - Stopped by Brian Elliott with a rebound.
7:54 of 3rd period - Snap shot by Marian Gaborik.
7:54 of 3rd period - Shot Blocked by Mike Weber.
7:56 of 3rd period - Slapshot by Francois Beauchemin.
7:56 of 3rd period - Stopped by Viktor Fasth with a rebound.
7:58 of 3rd period - Slapshot by Thomas Hickey.
7:58 of 3rd period - Shot Misses the Net.
8:50 of 3rd period - Fedor Tyutin is hit by Mike Green and loses puck.
9:19 of 3rd period - Penalty to Nicklas Grossmann is over, Nicklas Grossmann is back on ice.
9:35 of 3rd period - Nikita Nikitin is hit by Mason Raymond and loses puck.
11:44 of 3rd period - Zbynek Michalek is hit by Dion Phaneuf and loses puck.
12:39 of 3rd period - Aaron Ness is hit by Tom Kostopoulos and loses puck.
13:04 of 3rd period - Slapshot by Mark Arcobello.
13:04 of 3rd period - Shot Misses the Net.
13:12 of 3rd period - Minor Penalty to Rich Peverley for Holding Stick.
13:13 of 3rd period - Mike Fisher wins face-off versus Brad Richards in Sharks zone.
13:26 of 3rd period - Radim Vrbata is hit by Nicklas Grossmann and loses puck.
13:32 of 3rd period - Off-side.
13:33 of 3rd period - Mike Fisher wins face-off versus Brad Richards in neutral zone.
14:23 of 3rd period - Minor Penalty to Nicklas Grossmann for Roughing.
14:24 of 3rd period - Mikhail Grabovski wins face-off versus Brad Richards in Sharks zone.
14:26 of 3rd period - Snap shot by Marian Gaborik.
14:26 of 3rd period - Stopped by Viktor Fasth without a rebound.
14:27 of 3rd period - Mikhail Grabovski wins face-off versus Brad Richards in Sharks zone.
14:35 of 3rd period - Slapshot by Francois Beauchemin.
14:35 of 3rd period - Goal by Francois Beauchemin - Hurricanes : 10 - Sharks : 1.
14:36 of 3rd period - Brad Richards wins face-off versus Mikhail Grabovski in neutral zone.
14:45 of 3rd period - Snap shot by Dion Phaneuf.
14:45 of 3rd period - Deflect By Olli Jokinen.
14:45 of 3rd period - Stopped by Brian Elliott without a rebound.
14:46 of 3rd period - Brad Richards wins face-off versus Mikhail Grabovski in Hurricanes zone.
15:11 of 3rd period - Wrist shot by Adam Henrique.
15:11 of 3rd period - Shot Blocked by Dion Phaneuf.
15:13 of 3rd period - Snap shot by Francois Beauchemin.
15:13 of 3rd period - Deflect By Marian Gaborik.
15:13 of 3rd period - Shot Misses the Net.
15:13 of 3rd period - Puck is out of play.
15:14 of 3rd period - Mike Fisher wins face-off versus Brad Richards in Sharks zone.
16:05 of 3rd period - Rich Peverley is hit by Mikhail Grabovski and loses puck.
16:23 of 3rd period - Penalty to Nicklas Grossmann is over, Nicklas Grossmann is back on ice.
16:32 of 3rd period - Snap shot by Mike Fisher.
16:32 of 3rd period - Stopped by Viktor Fasth with a rebound.
16:34 of 3rd period - Slapshot by Francois Beauchemin.
16:34 of 3rd period - Shot Misses the Net.
16:36 of 3rd period - Slapshot by Francois Beauchemin.
16:36 of 3rd period - Shot Blocked by Mike Weber.
17:36 of 3rd period - Brian Flynn is hit by Dion Phaneuf and loses puck.
18:08 of 3rd period - Adam Henrique is hit by Mike Green and loses puck.
18:25 of 3rd period - Nathan Gerbe is hit by Robyn Regehr and loses puck.
19:22 of 3rd period - Adam Hall is hit by Jiri Hudler and loses puck.
19:55 of 3rd period - Wrist shot by Olli Jokinen.
19:55 of 3rd period - Stopped by Brian Elliott without a rebound.
19:56 of 3rd period - Mark Arcobello wins face-off versus Olli Jokinen in Hurricanes zone.
19:56 of 3rd period - Mark Arcobello is hit by Matt Hendricks.
Goals for this period are 3 for Hurricanes vs 0 for Sharks.
Shots for this period are 13 for Hurricanes vs 5 for Sharks.


Output by the SimonT Hockey Simulator (STHS) for Eric Dolegowski -- Original Page W3C XHTML 1.0 Valid
Hockey Simulator - Hockey Simulation - Hockey Manager